 Dungeon Crawl Stone Soup version 0.31-a0-981-geadf994542 (webtiles) character file.

Game seed: 8857337355417510060

115 serber55 the Chiller (level 4, -3/33 HPs)
             Began as a Demonspawn Ice Elementalist on Oct 31, 2023.
             Slain by Grinder (7 damage)
             ... on level 3 of the Dungeon.
             The game lasted 00:09:16 (2244 turns).

serber55 the Chiller (Demonspawn Ice Elementalist)  Turns: 2244, Time: 00:09:17

Health: -3/33      AC: 11    Str:  8    XL:     4   Next: 68%
Magic:  6/8        EV: 12    Int: 19    God:
Gold:   54         SH:  0    Dex: 13    Spells: 1/8 levels left

rFire   . . .        n - +0 dagger (vamp)
rCold   . . .        (no shield)
rNeg    . . .        l - +2 robe
rPois   .            (helmet restricted)
rElec   .            (no cloak)
rCorr   .            (no gloves)
SInv    .            d - +0 pair of boots
Will    +....        (no amulet)
Stlth   ++           m - +4 ring of slaying
HPRegen 0.25/turn    (no ring)
MPRegen 0.11/turn

%: no passive effects
@: ice-armoured, enlightened, flying
A: antennae 1
a: no special abilities


You were on level 3 of the Dungeon.
You visited 1 branch of the dungeon, and saw 3 of its levels.

You collected 54 gold pieces.

Inventory:

Hand Weapons
 n - a +0 vampiric dagger (weapon)
Missiles
 a - a throwing net
 f - 5 poisoned darts (quivered)
Armour
 d - a +0 pair of boots (worn)
 e - a +2 buckler
 l - a +2 robe (worn)
Jewellery
 h - an amulet of guardian spirit
 m - a +4 ring of slaying (left hand)
Scrolls
 c - 4 scrolls of identify {unknown}
 g - a scroll of immolation {unknown}
 i - a scroll of vulnerability {unknown}
 j - a scroll of silence {unknown}
 k - a scroll of amnesia {unknown}
Potions
 b - a potion of magic


   Skills:
 + Level 1.7 Fighting
 - Level 1.8 Dodging
 - Level 1.7 Stealth
 + Level 1.4 Shields
 + Level 2.6 Spellcasting
 * Level 4.5 Ice Magic


You had one spell level left.
You knew the following spells:

 Your Spells              Type           Power      Damage    Failure   Level
a - Freeze                Ice            76%        1d8       2%          1
b - Frozen Ramparts       Ice            38%        1d6       8%          3
c - Ozocubu's Armour      Ice            19%        N/A       8%          3

Your spell library contained the following spells:

 Spells                   Type           Power      Damage    Failure   Level
 Shock                    Conj/Air       8%         1d3       16%         1
 Swiftness                Air            2%         N/A       43%         3
 Summon Ice Beast         Ice/Summ       11%        N/A       52%         4
 Airstrike                Air            1%         2d(1-17)  85%         4


Dungeon Overview and Level Annotations

Branches:
Dungeon (3/15)

Altars:

Annotations:
D:3 Grinder


Innate Abilities, Weirdness & Mutations

You have a pair of small antennae on your head.


Message History

Grinder gestures at you.
You easily resist.
You hit Grinder.
Grinder is moderately wounded.
Grinder hits you but does no damage.
You hit Grinder.
Grinder is heavily wounded.
Grinder completely misses you.
You hit Grinder.
Grinder is heavily wounded.
Grinder hits you.
You writhe in agony.
You hit Grinder but do no damage.
Grinder is heavily wounded.
Grinder hits you.
You writhe in agony.
* * * LOW HITPOINT WARNING * * *
You closely miss Grinder.
Grinder is heavily wounded.
Grinder barely misses you.
You barely miss Grinder.
Grinder is heavily wounded.
Grinder hits you but does no damage.
You hit Grinder.
Grinder is heavily wounded.
Grinder hits you.
* * * LOW HITPOINT WARNING * * *
You writhe in agony.
* * * LOW HITPOINT WARNING * * *
You hit Grinder.
Grinder is severely wounded.
Grinder says, "Don't move a muscle."
Grinder barely misses you.
You hit Grinder.
Grinder is severely wounded.
Grinder gestures at you. You resist with some effort.
You closely miss Grinder.
Grinder is severely wounded.
Grinder hits you!
You die...
Grinder says, "Now the real fun starts!"

##......##.######
##.....##.# #..
+.....##.# #.#
#....###.####.#
####..##.......
+###.##.##...###.
#+###.'...#..........
##.?.5###)##.##...###.
#...?@#.#'#..###### #.
#?....#.....## #.
#.).?.#...#.# #.
##...##.....# #.
#####.####.. .. ..#
#### ## .##


You could see Grinder.

Vanquished Creatures
  Jessica (D:2)
  A gnoll (D:3)
  2 adders
  2 worms
  A dart slug (D:2)
  An orc (D:3)
  2 ball pythons (D:2)
  3 endoplasms
  3 giant cockroaches (D:1)
  6 goblins
  6 hobgoblins
  9 kobolds
  A quokka (D:2)
  3 bats
  6 frilled lizards
  5 rats
52 creatures vanquished.

Notes
Turn   | Place    | Note
-------+----------+-------------------------------------------
     0 | D:1      | serber55 the Demonspawn Ice Elementalist began the quest
                  | for the Orb.
     0 | D:1      | Reached XP level 1. HP: 13/13 MP: 3/3
   403 | D:1      | Discovered your monstrous ancestry.
   403 | D:1      | Gained mutation: You have a pair of small antennae on your
                  | head. [demonic ancestry]
   403 | D:1      | Reached XP level 2. HP: 14/20 MP: 0/5
   734 | D:1      | Found a faded altar of an unknown god.
  1116 | D:2      | Noticed Jessica
  1197 | D:2      | Reached skill level 1 in Fighting
  1197 | D:2      | Reached skill level 4 in Ice Magic
  1197 | D:2      | Reached XP level 3. HP: 23/26 MP: 2/6
  1251 | D:2      | Learned a level 3 spell: Frozen Ramparts
  1292 | D:2      | Reached skill level 1 in Shields
  1550 | D:2      | Killed Jessica
  1551 | D:2      | Reached XP level 4. HP: 24/32 MP: 1/7
  1630 | D:2      | Learned a level 3 spell: Ozocubu's Armour
  1951 | D:3      | Noticed Grinder
  2221 | D:3      | Paralysed by Grinder for 3 turns
  2244 | D:3      | Slain by Grinder

Illustrated notes

Levels and vault maps discovered:
D:1:      nzn_arrival_crosshair, layout_loops_corners, serial_rivers,
          chequers_serial_rivers_micro_a, chequers_serial_rivers_micro_b,
          chequers_serial_rivers_micro_c, chequers_serial_rivers_micro_e,
          shapermc_ecumenical_altar_notcrosses, amcnicky_mini_corridor_feature,
          dreamdust_princess_corridor, wad_floor_pattern_2, item_on_display_a
D:2:      layout_basic, uniq_jessica
D:3:      layout_basic, serial_corexii_hall, corexii_hall_statues_l,
          chequers_hall_statues_corner_a, chequers_hall_statues_y,
          chequers_hall_statues_wall_a, ebering_ghost_gozag,
          minmay_joined_circles, uniq_sigmund, uniq_grinder

Skill      XL: |  1  2  3 |
---------------+----------+-----
Fighting       | 1 |  1.7
Ice Magic      | 4 |  4.5
Shields        | 1 |  1.4
Dodging        | |  1.8
Stealth        | |  1.7
Spellcasting   | |  2.6

Action                     |  1- 3 |  4- 6 || total
---------------------------+-------+-------++-------
  Melee: Rapier            |    82 |     9 ||    91
         Unarmed           |     2 |       ||     2
         Punch             |     1 |       ||     1
         Dagger            |       |    25 ||    25
  Throw: Dart              |       |     1 ||     1
   Cast: Freeze            |    29 |     4 ||    33
         Frozen Ramparts   |     1 |     3 ||     4
         Ozocubu's Armour  |       |     3 ||     3
    Use: Potion            |       |     1 ||     1
   Stab: Sleeping          |     1 |     1 ||     2
 Armour: Robe              |    51 |    15 ||    66
  Dodge: Dodged            |    84 |     9 ||    93

Table legend: (Time is in decaauts)
 A = Elapsed time spent in this place.
 B = Non-inter-level travel time spent in this place.
 C = Inter-level travel time spent in this place.
 D = Time resting spent in this place.
 E = Time spent auto-exploring this place.
 F = Levels seen in this place.
 G = Mean time per level.
                   A        B        C        D        E       F      G
               +--------+--------+--------+--------+--------+-----+--------+
         Total |   2261 |   2168 |     93 |    340 |   1340 |   3 |  753.7 |
       Dungeon |   2261 |   2168 |     93 |    340 |   1340 |   3 |  753.7 |
               +--------+--------+--------+--------+--------+-----+--------+

Top non-repeatable levels by time:
     D:1: 1117 daAuts
     D:2: 773 daAuts
     D:3: 370 daAuts
